Workbook
Name _1Excel_BuiltIn__FilterDatabase_1_1_1_1: 'PLIL_Branch List'!#REF!
Name _1Excel_BuiltIn__FilterDatabase_1_1_1_1: #REF!
Name dd: #REF!
Name Excel_BuiltIn__FilterDatabase_1: 'PLIL_Branch List'!$A$2:$D$44
Name Excel_BuiltIn__FilterDatabase_1: #REF!
Name Excel_BuiltIn__FilterDatabase_1_1: 'PLIL_Branch List'!#REF!
Name Excel_BuiltIn__FilterDatabase_1_1: #REF!
Name Excel_BuiltIn__FilterDatabase_1_1_1: 'PLIL_Branch List'!#REF!
Name Excel_BuiltIn__FilterDatabase_1_1_1: #REF!
Name Excel_BuiltIn__FilterDatabase_1_1_1_1: 'PLIL_Branch List'!$A$2:$C$40
Name Excel_BuiltIn__FilterDatabase_1_1_1_1: #REF!
Name Excel_BuiltIn__FilterDatabase_2: 'PLIL_Branch List'!$A$2:$D$44
Name Excel_BuiltIn__FilterDatabase_2: #REF!
Name jhjk: #REF!
Name khglkgj: #REF!
Name sdfdsasag: #REF!

Sheet PLIL_Branch List
C1: Designated_Office_Head list as on Sep'2026
A2: S.No. | B2: Branch Code | C2: City | D2: Name of Designated_Office_Head | E2: Region_Name | F2: Designation | G2: State | H2: Phone Number | I2: Email ID | J2: Updated _ Branch Contact Number | K2: Registered Branch Address
A3: 1 | B3: VIJ | C3: Vijaywada | D3: M Srinivasa S R K Kumar | E3: South | F3: Branch Head - Agency | G3: Andhra Pradesh | H3: 9848158215 | I3: m.kumar11@pramericalife.in | J3: 0866-4000465 | K3: Pramerica Life Insurance limited, ‘D’ part, North side of Ground Floor, Naga’s Hafeez Plaza, D.No.40-1-62, 63 & 64, Near Benz Circle, Bundar Road, Vijayawada, Andhra Pradesh-520010
A4: 2 | B4: VIS | C4: Vishakhapatnam | D4: Yasarapu Srinivasu | E4: South | F4: Associate Unit Head - Param | G4: Andhra Pradesh | H4: 9885017722 | I4: yasarapu.srinivasu@pramericalife.in | J4: 8914807771 | K4: Pramerica Life Insurance limited, First Floor, Door No. 48-9-19/4 , Pavan Towers, Plot No. 265 A, Dwaraka Nagar, Visakhapatnam, Pin Code - 530016, Andhra Pradesh
A5: 3 | B5: GUW | C5: Guwahati | D5: Santimoy Banerjee | E5: East | F5: Executive Unit Head - Param | G5: Assam | H5: 8753909219 | I5: santimoy.banerjee@pramericalife.in | J5: 7596007896 | K5: Pramerica Life Insurance limited, Fourth Floor, Ganpati Enclave, G.S Road, Ulubari, Guwahati, Pin Code – 781007, Assam
A6: 4 | B6: DIB | C6: Dibrugarh | D6: Kundan Kumar Singh | E6: East | F6: Senior Area Head - Prahri | G6: Assam | H6: 8876965530 | I6: kundan.singh@pramericalife.in | J6: 03732327978 | K6: Pramerica Life Insurance limited, Second Floor, Block-B, Khemani Building, New Amolapatty, Mouza, Dibrugarh, Pin Code – 786001, Assam
A7: 5 | B7: TEZ | C7: Tezpur | D7: Bicky Hazarika | E7: East | F7: Unit Head - Prahri | G7: Assam | H7: 8638529062 | I7: bicky.hazarika@pramericalife.in | J7: 03712255063 | K7: Pramerica Life Insurance limited, Rajat Saikia Complex, First Floor, Besides UCO Bank, Mission Chariali, Tezpur, Pin Code -784001, Assam
A8: 6 | B8: JOR | C8: Jorhat | D8: Monmi Borthakur | E8: East | F8: Senior Unit Head - Prahri | G8: Assam | H8: 8638735867 | I8: monmi.borthakur@pramericalife.in | J8: 03762910150 | K8: Pramerica Life Insurance limited, First Floor, Opposite Navagrah Mandir, Near Rhino Cinema Hall, KB Road, Jorhat, Pin Code - 785004, Assam
A9: 7 | B9: SLC | C9: Silchar | D9: Sanjib Singha | E9: East | F9: Executive Unit Head - Param | G9: Assam | H9: 7002551229 | I9: sanjib.singha@pramericalife.in | J9: 03842-221000 | K9: Pramerica Life Insurance limited, Second Floor, Shop No. 568/4, Anand Arcade, Ward No. 10, Hospital Road, Silchar, Pin Code - 788001, Assam
A10: 8 | B10: PTA | C10: Patna New | D10: Rajeev Kumar Mishra | E10: East | F10: Regional Head - Agency | G10: Bihar | H10: 9708038509 | I10: rajeev.mishra2@pramericalife.in | J10: 7838290112 | K10: Pramerica Life Insurance limited, GRAND PLAZZA ”Plot No. 94, 3rd Floor, Flat no. 3001, Tauzi No. 460, Circle No.6, Ward No. 18/28, Zone – 5, Mauza – Moharrampur, Mohalla Fraser Road, P.S. – Kotwali, , Patna – 800001
A11: 9 | B11: CHD | C11: Chandigarh | D11: Birender Singh | E11: North | F11: Regional Head - Agency | G11: Chandigarh | H11: 9872247071 | I11: birender.singh2@pramericalife.in | J11: 01725042086 /01725042089 | K11: Pramerica Life Insurance limited, First & Second Floor, SCO No. 2941 & 42, Sector 22 C, Pin Code -160022, Chandigarh
A12: 10 | B12: RAI | C12: Raipur | D12: Yadvendra Kumar Chaubey | E12: West | F12: Senior Area Head - Param | G12: Chattisgarh | H12: 8982465008 | I12: yadvendra.chaubey@pramericalife.in | J12: 07714264287 | K12: Pramerica Life Insurance limited, First Floor, Rajendra Complex, Plot No. 83, 84 & 85, Main Road, Pandri, Devendra Nagar, Raipur, Pin Code-492004, Chhattisgarh
A13: 11 | B13: BLS | C13: Bilaspur | D13: Kamal Narayan Sahu | E13: West | F13: Senior Unit Head - Param | G13: Chattisgarh | H13: 7987955139 | I13: kamal.sahu@pramericalife.in | J13: 07752491620 | K13: Pramerica Life Insurance limited, First Floor, Plot No. 26, Indira Tower, Main Road, Bilaspur, Pin Code - 495001, Chattisgarh
A14: 12 | B14: AFN | C14: DELHI- CP | D14: Nitesh Kumar Goel | E14: Central | F14: Associate Branch Head - Agency | G14: Delhi | H14: 9718827222 | I14: nitesh.goel1@pramericalife.in | J14: 011-43105380 | K14: Pramerica Life Insurance limited, Third Floor, Arunachal Building, Office No. 303 & 303A, 19 Barakhamba Road, Pin Code – 110001, New Delhi
... A16: 14 | B16: DWK | C16: DELHI - DWARKA | D16: Anil Kumar Jha | E16: Central | F16: Senior Branch Head - Agency | G16: Delhi | H16: 8700569187 | I16: anil.jha2@pramericalife.in | J16: 011-41003660, 62, 63 | K16: Pramerica Life Insurance limited, Plot No. 6, Second Floor, Unit No. 201, Aggarwal Plaza, Sector- 12 Dwarka, Pin Code - 110075, New Delhi
A17: 14 | B17: HO | C17: Gurgaon | D17: Deepti Dalela | E17: HeadOffice | F17: Deputy Vice President | G17: Haryana | H17: 8800803111 | I17: deepti.dalela@pramericalife.in | J17: 0124-4697000 | K17: Pramerica Life Insurance 7th & 8th Floor, Tower 2, Capital Business Park, Sector 48, Gurugram, Haryana- 122018
A18: 16 | B18: NAR | C18: DELHI- NARAINA | D18: Yoginder Kumar | E18: Central | F18: Senior Branch Head - Agency | G18: Delhi | H18: 9999310343 | I18: yoginder.kumar@pramericalife.in | J18: 011-49081000 | K18: Pramerica Life Insurance limited, C-190, First Floor, Naraina Industrial Area Phase – I, Pin Code - 110028, New Delhi
A19: 17 | B19: GOA | C19: Goa | D19: Raja L Muliyana | E19: West | F19: Area Head - Agency | G19: Goa | H19: 8956458787 | I19: raja.muliyana@pramericalife.in | J19: 9923972331 | K19: Pramerica Life Insurance limited, UNIT NO. 402, GERA IMPERIUM II, PATTO PLAZA, PANAJI, GOA- 403001
A20: 18 | B20: AHD | C20: Ahmedabad | D20: Popindersingh Bajwa | E20: West | F20: Branch Head - Agency | G20: Gujarat | H20: 9825186228 | I20: popindersingh.bajwa1@pramericalife.in | J20: 07929604214 | K20: Pramerica Life Insurance limited, 402, Fourth Floor, ABC III, Opp. Regenta Hotel, Navrangpura, Off CG Road, Ahmedabad, Pin Code - 380009, Gujarat
A21: 19 | B21: VDR | C21: Vadodara | D21: Patel Jagrut Vipinchandra | E21: West | F21: Executive Branch Head - Agency | G21: Gujarat | H21: 9825016364 | I21: Jagrut.Patel@pramericalife.in | J21: 02652281109 | K21: Pramerica Life Insurance limited, C-275, Second Floor, Emeralad One Complex, Beside Gujarat Super Speciality Hospital, Jetalpur Road, Vadodara, Pin Code- 390007, Gujarat
A22: 20 | B22: SUR | C22: Surat | D22: Kamlesh Yadav | E22: West | F22: Senior Area Head - Agency | G22: Gujarat | H22: 9755099337 | I22: kamlesh.yadav1@pramericalife.in | J22: 9925845695 | K22: Pramerica Life Insurance limited, U-18, Upper Ground Floor, Jolly Plaza, Athwa, Surat, Pin Code- 395001, Gujarat
A23: 21 | B23: RJT | C23: Rajkot | D23: Dave Sagar Pradipkumar | E23: West | F23: Area Head - Param | G23: Gujarat | H23: 8238350504 | I23: sagar.dave@pramericalife.in | J23: 8238350504 | K23: Pramerica Life Insurance limited, First Floor, Business Empire, Jagnath Plot Corner, Gymkhana Road, Rajkot, Pin Code- 360002, Gujarat
A24: 22 | B24: JAN | C24: Jamnagar | D24: Umesh Babu Patil | E24: West | F24: Associate Unit Head - Prahri | G24: Gujarat | H24: 9657037091 | I24: umesh.babupatil@pramericalife.in | J24: 02882771076 | K24: Pramerica Life Insurance limited, Fourth Floor, Office No. 467-471, Neo Square Mall, Near Income Tax Office, Ambar Cinema Road, Jamnagar, Pin Code -361008, Gujarat
A25: 23 | B25: AMB | C25: Ambala | D25: Vivek Wadhera | E25: North | F25: Senior Unit Head - Prahri | G25: Haryana | H25: 8168201560 | I25: vivek.wadhera@pramericalife.in | J25: 0171-4010506 | K25: 1ST Floor, Plot No. 48, Khasra No. 17/21, Sector-‘A’, Defence Colony, Tehsil - Ambala Cantt, District – Ambala, Haryana
A26: 24 | B26: HSR | C26: Hissar | D26: Gaurav Verma | E26: Central | F26: Unit Head - Prahri | G26: Haryana | H26: 9996938787 | I26: gaurav.verma2@pramericalife.in | J26: 9034010196 | K26: Pramerica Life Insurance limited, Second Floor, SCO No. 90, PLA Shopping Complex, Near Town Park DHS Road, Urban Estate, Hissar, Pin Code – 125005, Haryana
A27: 25 | B27: GGN | C27: Gurgaon Sec-29 | D27: Vinit Chahar | E27: Central | F27: Senior Branch Head - Agency | G27: Haryana | H27: 9953935475 | I27: vinit.chahar@pramericalife.in | J27: 0124-2385361-63 | K27: Pramerica Life Insurance limited, Second Floor, SCO No. 386, Sector -29, IFFCO Chowk, Gurugram, Pin Code - 122001, Haryana
A28: 26 | B28: SHL | C28: Shimla | D28: Alka Singh | E28: North | F28: Executive Branch Head - Agency | G28: Himachal Pradesh | H28: 9816612141 | I28: alka.2@pramericalife.in | J28: 0177-2673923 | K28: Pramerica Life Insurance limited, Fourth Floor, Rathore Business Center, Near BCS on National Highway, New Shimla, Pin Code – 171009, Himachal Pradesh
A29: 27 | B29: DSA | C29: Dharamshala | D29: Ajeet Kumar | E29: North | F29: Senior Unit Head - Prahri | G29: Himachal Pradesh | H29: 9805376325 | I29: ajeet.kumar4@pramericalife.in | J29: 9459083425 /8091000142 | K29: Pramerica Life Insurance limited, Ground Floor, Butail Complex, College Road, Near KCC Bank HQ., Dharamshala, Pin Code – 176215, Himachal Pradesh
... A127: 125 | B127: VDR | C127: Anand | D127: Patel Jagrut Vipinchandra | E127: West | F127: Executive Branch Head - Agency | G127: Gujarat | H127: 9825016364 | I127: Jagrut.Patel@pramericalife.in | J127: 02652281109 | K127: Pramerica Life Insurance limited, C-275, Second Floor, Emeralad One Complex, Beside Gujarat Super Speciality Hospital, Jetalpur Road, Vadodara, Pin Code- 390007, Gujarat

Sheet CSO
A1: ID | B1: Facility_Branch Code | C1: Sr. No. | D1: Emp_ID | E1: Name of Designated_Office_Head | F1: LWD | G1: Location | H1: Region_Name | I1: Designation | J1: State | K1: Remarks | L1: Status | M1: July-26 Status
A2: =B2&D2 -> VIJ41265 | B2: =VLOOKUP(G2,'Branch List-Facility'!$C$2:$D$130,2,0) -> VIJ | C2: 1 | D2: 41265 | E2: M Srinivasa S R K Kumar | G2: Vijaywada | H2: South | I2: Branch Head - Agency | J2: Andhra Pradesh | M2: No change | N2: Vijaywada | O2: VIJ
A3: =B3&D3 -> VIS34120 | B3: =VLOOKUP(G3,'Branch List-Facility'!$C$2:$D$130,2,0) -> VIS | C3: 2 | D3: 34120 | E3: Yasarapu Srinivasu | G3: Vishakhapatnam | H3: South | I3: Associate Unit Head - Param | J3: Andhra Pradesh | M3: No change | N3: Vishakhapatnam | O3: VIS
A4: =B4&D4 -> GUW29597 | B4: =VLOOKUP(G4,'Branch List-Facility'!$C$2:$D$130,2,0) -> GUW | C4: 3 | D4: 29597 | E4: Santimoy Banerjee | G4: Guwahati | H4: East | I4: Executive Unit Head - Param | J4: Assam | M4: No change | N4: Guwahati | O4: GUW
A5: =B5&D5 -> DIB12943 | B5: =VLOOKUP(G5,'Branch List-Facility'!$C$2:$D$130,2,0) -> DIB | C5: 4 | D5: 12943 | E5: Kundan Kumar Singh | G5: Dibrugarh | H5: East | I5: Senior Area Head - Prahri | J5: Assam | M5: No change | N5: Dibrugarh | O5: DIB
A6: =B6&D6 -> TEZ35298 | B6: =VLOOKUP(G6,'Branch List-Facility'!$C$2:$D$130,2,0) -> TEZ | C6: 5 | D6: 35298 | E6: Bicky Hazarika | G6: Tezpur | H6: East | I6: Unit Head - Prahri | J6: Assam | M6: No change | N6: Tezpur | O6: TEZ
A7: =B7&D7 -> JOR26979 | B7: =VLOOKUP(G7,'Branch List-Facility'!$C$2:$D$130,2,0) -> JOR | C7: 6 | D7: 26979 | E7: Monmi Borthakur | G7: Jorhat | H7: East | I7: Senior Unit Head - Prahri | J7: Assam | M7: No change | N7: Jorhat | O7: JOR
A8: =B8&D8 -> SLC30285 | B8: =VLOOKUP(G8,'Branch List-Facility'!$C$2:$D$130,2,0) -> SLC | C8: 7 | D8: 30285 | E8: Sanjib Singha | G8: Silchar | H8: East | I8: Executive Unit Head - Param | J8: Assam | M8: No change | N8: Silchar | O8: SLC
A9: =B9&D9 -> PTA42286 | B9: =VLOOKUP(G9,'Branch List-Facility'!$C$2:$D$130,2,0) -> PTA | C9: 8 | D9: 42286 | E9: Rajeev Kumar Mishra | G9: Patna New | H9: East | I9: Regional Head - Agency | J9: Bihar | M9: No change | N9: Patna | O9: PTA
A10: =B10&D10 -> CHD38483 | B10: =VLOOKUP(G10,'Branch List-Facility'!$C$2:$D$130,2,0) -> CHD | C10: 9 | D10: 38483 | E10: Birender Singh | G10: Chandigarh | H10: North | I10: Regional Head - Agency | J10: Chandigarh | M10: No change | N10: Chandigarh | O10: CHD
A11: =B11&D11 -> RAI23593 | B11: =VLOOKUP(G11,'Branch List-Facility'!$C$2:$D$130,2,0) -> RAI | C11: 10 | D11: 23593 | E11: Yadvendra Kumar Chaubey | G11: Raipur | H11: West | I11: Senior Area Head - Param | J11: Chattisgarh | M11: No change | N11: Raipur | O11: RAI
A12: =B12&D12 -> BLS14622 | B12: =VLOOKUP(G12,'Branch List-Facility'!$C$2:$D$130,2,0) -> BLS | C12: 11 | D12: 14622 | E12: Kamal Narayan Sahu | G12: Bilaspur | H12: West | I12: Senior Unit Head - Param | J12: Chattisgarh | M12: No change | N12: Bilaspur | O12: BLS
A13: =B13&D13 -> AFN39589 | B13: =VLOOKUP(G13,'Branch List-Facility'!$C$2:$D$130,2,0) -> AFN | C13: 12 | D13: 39589 | E13: Nitesh Kumar Goel | G13: DELHI- CP | H13: Central | I13: Associate Branch Head - Agency | J13: Delhi | M13: No change | N13: Central Delhi | O13: AFN
... A125: =B125&D125 -> MFZ43272 | B125: =VLOOKUP(G125,'Branch List-Facility'!$C$2:$D$130,2,0) -> MFZ | C125: 124 | D125: 43272 | E125: Kumar Ujjwal | G125: Muzaffarpur | H125: East | I125: Branch Head - Agency | J125: Bihar | M125: No change | N125: Muzaffarpur | O125: MFZ

Sheet Employees
A1: HR_to_Facility | B1: S. No. | C1: Employee ID | D1: Ecode | E1: Emp Name | F1: Site | G1: Gender | H1: Function | I1: Primary Department | J1: Primary Manager Code | K1: Primary Manager | L1: Salary Grade | M1: Designation | N1: Join Date | O1: Work Location | P1: Region | Q1: DOB | R1: EMAIL | S1: Father Name | T1: MOBILE
A2: =INDEX(Converter!B:B,MATCH(Employees!F2,Converter!C:C,0)) -> Gurgaon | B2: 1 | C2: P000009 | D2: 9 | E2: Gurpreet Kaur | F2: Gurgaon (Head Office) | G2: Female | H2: Executive Assistant | I2: Sales & Distribution | J2: P031378 | K2: Karthik Chakrapani | L2: C1 | M2: Executive Assistant | N2: 39419 | O2: Gurgaon (Head Office) | P2: HeadOffice | Q2: 26926 | R2: gurpreet.kaur@pramericalife.in | S2: Dr. K.S. Dutta | T2: 9999369777 | U2: =VLOOKUP(A2,'PLIL_Branch List'!$C$3:$C$127,1,0) -> Gurgaon
A3: =INDEX(Converter!B:B,MATCH(Employees!F3,Converter!C:C,0)) -> Gurgaon | B3: 2 | C3: P000081 | D3: 81 | E3: Umesh Babbar | F3: Gurgaon (Head Office) | G3: Male | H3: Fraud Monitoring Unit | I3: Risk | J3: P000812 | K3: Sanjay Malhotra | L3: C4 | M3: Deputy Vice President - Fraud Monitoring Unit | N3: 39661 | O3: Gurgaon (Head Office) | P3: HeadOffice | Q3: 28618 | R3: umesh.babbar@pramericalife.in | S3: Late Sudarshan Kr. Babbar | T3: 9811844552 | U3: =VLOOKUP(A3,'PLIL_Branch List'!$C$3:$C$127,1,0) -> Gurgaon
A4: =INDEX(Converter!B:B,MATCH(Employees!F4,Converter!C:C,0)) -> Gurgaon | B4: 3 | C4: P000135 | D4: 135 | E4: Deepak Dutt | F4: Gurgaon (Head Office) | G4: Male | H4: Training & Development | I4: Training & Development | J4: P021037 | K4: Sharad Sharma | L4: D2 | M4: Senior Vice President - Training & Development | N4: 39715 | O4: Gurgaon (Head Office) | P4: HeadOffice | Q4: 27129 | R4: deepak.dutt@pramericalife.in | S4: Lt.Ganga Dutt | T4: 9914340077 | U4: =VLOOKUP(A4,'PLIL_Branch List'!$C$3:$C$127,1,0) -> Gurgaon
A5: =INDEX(Converter!B:B,MATCH(Employees!F5,Converter!C:C,0)) -> Bhatinda | B5: 4 | C5: P000398 | D5: 398 | E5: Pooja | F5: Bathinda | G5: Female | H5: Branch Operations | I5: Operations | J5: P003686 | K5: Bhushan Sharma | L5: B2 | M5: Deputy Manager - Branch Operations | N5: 39853 | O5: Bathinda | P5: North | Q5: 30306 | R5: pooja.chanana@pramericalife.in | S5: Chaman Lal Chawla | T5: 9316941222 | U5: =VLOOKUP(A5,'PLIL_Branch List'!$C$3:$C$127,1,0) -> #N/A
A6: =INDEX(Converter!B:B,MATCH(Employees!F6,Converter!C:C,0)) -> Gurgaon | B6: 5 | C6: P000461 | D6: 461 | E6: Ravinder Gossain | F6: Gurgaon (Head Office) | G6: Male | H6: Retail Business | I6: Distribution Planning & Enablement | J6: P040009 | K6: Amar Sane | L6: D2 | M6: Senior Vice President - Sales Support | N6: 39884 | O6: Gurgaon (Head Office) | P6: HeadOffice | Q6: 28595 | R6: ravinder.gossain@pramericalife.in | S6: D.S Gossain | T6: 9711861010 | U6: =VLOOKUP(A6,'PLIL_Branch List'!$C$3:$C$127,1,0) -> Gurgaon
A7: =INDEX(Converter!B:B,MATCH(Employees!F7,Converter!C:C,0)) -> Gurgaon | B7: 6 | C7: P000465 | D7: 465 | E7: Rohit Verma | F7: Gurgaon (Head Office) | G7: Male | H7: Branch Operations | I7: Operations | J7: P030956 | K7: Girish Jain | L7: C1 | M7: Senior Manager - Branch Operations | N7: 39886 | O7: Gurgaon (Head Office) | P7: HeadOffice | Q7: 29778 | R7: rohit.verma@pramericalife.in | S7: Om Parkash | T7: 9855241141 | U7: =VLOOKUP(A7,'PLIL_Branch List'!$C$3:$C$127,1,0) -> Gurgaon
A8: =INDEX(Converter!B:B,MATCH(Employees!F8,Converter!C:C,0)) -> Gurgaon | B8: 7 | C8: P000466 | D8: 466 | E8: Amber Srivastava | F8: Gurgaon (Head Office) | G8: Male | H8: Investment Front Office | I8: Investment | J8: P031385 | K8: Abhishek Das | L8: C4 | M8: Fund Manager - Equity | N8: 39888 | O8: Gurgaon (Head Office) | P8: HeadOffice | Q8: 30859 | R8: amber.srivastava@pramericalife.in | S8: Ajay Srivastava | T8: 9650555228 | U8: =VLOOKUP(A8,'PLIL_Branch List'!$C$3:$C$127,1,0) -> Gurgaon
A9: =INDEX(Converter!B:B,MATCH(Employees!F9,Converter!C:C,0)) -> Gurgaon | B9: 8 | C9: P000533 | D9: 533 | E9: Gulshan Setia | F9: Gurgaon (Head Office) | G9: Male | H9: Operations | I9: Operations | J9: P032714 | K9: Sriram Varanasi | L9: D2 | M9: Senior Vice President - Underwriting & New Business | N9: 39911 | O9: Gurgaon (Head Office) | P9: HeadOffice | Q9: 29267 | R9: gulshan.setia@pramericalife.in | S9: Om Parkash Setia | T9: 9717888094 | U9: =VLOOKUP(A9,'PLIL_Branch List'!$C$3:$C$127,1,0) -> Gurgaon
A10: =INDEX(Converter!B:B,MATCH(Employees!F10,Converter!C:C,0)) -> Gurgaon | B10: 9 | C10: P000687 | D10: 687 | E10: Debashish Das | F10: Gurgaon (Head Office) | G10: Male | H10: Investment Front Office | I10: Investment | J10: P031385 | K10: Abhishek Das | L10: C4 | M10: Senior Dealer - Fixed Income | N10: 39974 | O10: Gurgaon (Head Office) | P10: HeadOffice | Q10: 28610 | R10: debashish.das@pramericalife.in | S10: Late Kumaresh Chandra Das | T10: 9810246337 | U10: =VLOOKUP(A10,'PLIL_Branch List'!$C$3:$C$127,1,0) -> Gurgaon
A11: =INDEX(Converter!B:B,MATCH(Employees!F11,Converter!C:C,0)) -> Gurgaon | B11: 10 | C11: P000759 | D11: 759 | E11: Vishal Kumar | F11: Gurgaon (Head Office) | G11: Male | H11: Retail Business | I11: Distribution Planning & Enablement | J11: P000461 | K11: Ravinder Gossain | L11: C3 | M11: Associate Vice President - Sales Support | N11: 40014 | O11: Gurgaon (Head Office) | P11: HeadOffice | Q11: 30340 | R11: vishal.kumar@pramericalife.in | S11: Vijay Kumar | T11: 9871971101 | U11: =VLOOKUP(A11,'PLIL_Branch List'!$C$3:$C$127,1,0) -> Gurgaon
A12: =INDEX(Converter!B:B,MATCH(Employees!F12,Converter!C:C,0)) -> Gurgaon | B12: 11 | C12: P000812 | D12: 812 | E12: Sanjay Malhotra | F12: Gurgaon (Head Office) | G12: Male | H12: Risk - LT | I12: Risk | J12: P034500 | K12: Pankaj Gupta | L12: D1 | M12: Chief Risk Officer | N12: 40035 | O12: Gurgaon (Head Office) | P12: HeadOffice | Q12: 27716 | R12: sanjay.malhotra@pramericalife.in | S12: Lt. Madan Lal Malhotra | T12: 9871088364 | U12: =VLOOKUP(A12,'PLIL_Branch List'!$C$3:$C$127,1,0) -> Gurgaon
A13: =INDEX(Converter!B:B,MATCH(Employees!F13,Converter!C:C,0)) -> Gurgaon | B13: 12 | C13: P001065 | D13: 1065 | E13: Vandana Mishra | F13: Gurgaon (Head Office) | G13: Female | H13: Corporate Accounting | I13: Finance | J13: P038999 | K13: Pankaj Gupta | L13: D2 | M13: Financial Controller | N13: 40108 | O13: Gurgaon (Head Office) | P13: HeadOffice | Q13: 28032 | R13: vandana.mishra@pramericalife.in | S13: Late Narendra Singh Bedi | T13: 9958125999 | U13: =VLOOKUP(A13,'PLIL_Branch List'!$C$3:$C$127,1,0) -> Gurgaon
... A3499: =INDEX(Converter!B:B,MATCH(Employees!F3499,Converter!C:C,0)) -> Triruchirappalli | B3499: 3498 | C3499: P043938 | D3499: 43938 | E3499: Arunkumar P | F3499: Trichy | G3499: Male | H3499: Banca - Equitas Bank | I3499: Sales & Distribution Growth | J3499: P043228 | K3499: B Sundarapandian | L3499: SA3 | M3499: Senior Financial Services Manager - Bancaassurance | N3499: 46265 | O3499: Trichy | P3499: South | Q3499: 33339 | R3499: arunkumar.p1@pramericalife.in | S3499: Palanisamy | T3499: 9566330106 | U3499: =VLOOKUP(A3499,'PLIL_Branch List'!$C$3:$C$127,1,0) -> #N/A

Sheet Converter
A1: OFFICE CODE | B1: LOCATION_ADMIN | C1: HR_Work Location | D1: SD Office_Location | E1: address | F1: Remarks | Q1: HR Site | R1: HR_to_Facility | T1: CSO Location | U1: CSO to Facility
A2: AGA | B2: Agra | C2: Agra | D2: Agra | E2: UNIT 13&14, FIRST FLOOR , SITUATED AT BLOCK NO. E-15/8, PRINCE TOWER, SANJAY PLACE COMMERCIAL CENTRE, HARIPARWAT WARD, TEHSIL AND DISTT. AGRA, UTTAR PRADESH 282002. | Q2: Gurgaon (Head office) | R2: Gurgaon_4th_1 | T2: Dharamshala | U2: Dharamshala
A3: AHD | B3: Ahemadabad | C3: Ahmedabad | D3: Ahemadabad | E3: 102,1ST FLOOR,SHIVALIK-10 OPP,SBI ZONAL OFFICE,AMBAWADI,AHEMDABAD, GUJRAT - 380006 | Q3: Gurgaon (Head office) | R3: Gurgaon (Head office) | T3: Jammu | U3: Jammu
A4: AMB | B4: Ambala | C4: Ambala | D4: Ambala | E4: Second Floor, Shop No. 5365/1, Vaka Nichelson Road, Ambala Cantt – 133001. | Q4: Gurgaon (Head office) | R4: Gurgaon (Head office) | T4: Udhampur | U4: Udhampur
A5: BTH | B5: Bhatinda | C5: Bathinda | D5: Bhatinda | E5: SECOND FLOOR, 2090 B / AB, MALL ROAD, KHASRA NO. 6152/ 5347 / 2030, BHATINDA, PUNJAB – 151001 | Q5: Gurgaon (Head office) | R5: Gurgaon (Head office) | T5: Srinagar | U5: Srinagar
A6: FZR | B6: Ferozpur | C6: Firozepur | D6: Ferozpur | E6: FIRST FLOOR, VIDYA TOWER, MALL ROAD, FEROZPUR CITY, FEROZPUR, PUNJAB - 152002 | Q6: Gurgaon (Head office) | R6: Gurgaon (Head office) | T6: Pathankot | U6: Pathankot
A7: AJR | B7: Ajmer-Nasirabad | C7: Nasirabad | D7: Ajmer-Nasirabad | E7: Ground Floor, Plot no. 836 and 837, Near City Police Station, Rajnarayan Road, Nasirabad, Ajmer, Rajasthan - 305601 | Q7: Gurgaon - So | R7: Gurgaon_IFFCO | T7: Akhnoor | U7: Akhnoor
A8: PKT | B8: Pathankot | C8: Pathankot | D8: Pathankot | E8: 1ST FLOOR, SHERAN WALI KOTHI COMPLEX,DALHOUSIE ROAD, PATHANKOT, PUNJAB – 145001 | Q8: Gurgaon (Head office) | R8: Gurgaon (Head office) | T8: Baramula | U8: Baramulla
A9: ALD | B9: Allahabad | C9: Allahabad | D9: Allahabad | E9: 2ND FLOOR, PLOT NO-3, SITE NO-29, CIVIL STATION, MG ROAD, ALLAHABAD, UTTAR PRADESH – 211001 . | Q9: Gurgaon (Head office) | R9: Gurgaon (Head office) | T9: Rajouri | U9: Rajouri
A10: GDR | B10: Gurdaspur | C10: Gurdaspur | D10: Gurdaspur | E10: 1ST FLOOR, A K PLAZA, DEV ARCADE, OPP YP TOWER, CIVIL LINE, JAIL ROAD, GURDASPUR, PUNJAB – 143521 | Q10: Chandigarh | R10: Chandigarh | T10: Leh | U10: Leh
A11: JDR | B11: Jalandhar | C11: Jalandhar | D11: Jalandhar | E11: 2ND FLOOR, EMINENT MALL, UNIT NOS "S.F.-3 & 4", PROPERTY NO. 261, LAJPAT NAGAR, GURU NANAK MISSION CHOWK, JALANDHAR, PUNJAB - 144001 | Q11: Gurgaon (Head office) | R11: Gurgaon (Head office) | T11: Mandi | U11: Mandi
A12: HSR | B12: Hissar | C12: Hissar | D12: Hissar | E12: SECOND FLOOR, SCO. NO 90, SECTOR PLA , DHS ROAD, URBAN ESTATE, HISSAR, HARYANA – 125005 | Q12: Gurgaon (Head office) | R12: Gurgaon (Head office) | T12: Ambala | U12: Ambala
A13: PAT | B13: Patiala | C13: Patiala | D13: Patiala | E13: Second Floor, SCO-125-126, New Leela Bhawan, Patiala, Punjab - 147001 | Q13: Ludhiana | R13: Ludhiana | T13: Amritsar | U13: Amritsar
... A32: IDR | B32: Indore | C32: Indore | D32: Indore | E32: 503-505, 5th Floor, Airen Heights, Scheme no.54, PU-3, Plot no.13/14, Vijay Nagar, Indore, Madhya Pradesh - 452010. | Q32: Gurgaon (Head office) | R32: Gurgaon (Head office) | T32: Faridabad | U32: Faridabad
A33: BK2 | B33: Bikaner-2 | C33: Bikaner | D33: Bikaner-2 | E33: 2nd Floor, V R Tower, Khasra No- 44/19, Vill. Ridmlsar-Purohitan, Tilak Nagar, Jaipur Road, Bikaner – 334001 | Q33: Gurgaon (Head office) | R33: Gurgaon (Head office) | U33: Delhi_Naraina_FF
A34: AFN | B34: Central Delhi | C34: Connaught Place | D34: Central Delhi | E34: Third Floor of Arunachal Building, Office No. 303, 19, Barakhamba Road, New Delhi – 110001 | Q34: Gurgaon (Head office) | R34: Gurgaon (Head office) | T34: Delhi - Naraina | U34: Delhi_Naraina-MF
A35: DE5 | B35: Delhi-5 | C35: Connaught Place | D35: Delhi-5 | E35: Office No . 303A , Third Floor of Arunachal Building, 19, Barakhamba Road, New Delhi – 110001 | Q35: Kolkata-Anandapur | R35: Kolkata_Anandpur | T35: Roorkee | U35: Roorkee
A36: DDN | B36: Dehradun | C36: Dehradun | D36: Dehradun | E36: 2ND FLOOR, BUILDING NCR PLAZA, MOUZA HATHIBARKALA, PARGANA CENTRAL DOON, RAVINDRA NATH TAGORE MARG, NEW CANTT ROAD, DEHRADUN, UTTRAKHAND – 248001 | Q36: Gurgaon (Head office) | R36: Gurgaon (Head office) | T36: Dehradun | U36: Dehradun
A37: FAI | B37: Faizabad | C37: Faizabad | D37: Faizabad | E37: 1st Floor of the building known as “Trinity Square” built over Freehold Plot No.1, situated at Mahanagar, Faizabad Road, Lucknow - 226016 | Q37: Gurgaon (Head office) | R37: Gurgaon (Head office) | T37: Noida | U37: Noida
A38: FBD | B38: Faridabad | C38: Faridabad | D38: Faridabad | E38: 2ND FLOOR, SCO-3, SECTOR-16, FARIDABAD, HARYANA – 121002 | Q38: Gurgaon (Head office) | R38: Gurgaon (Head office) | T38: Delhi - Dwarka | U38: Delhi_Dwarka
A39: HYD | B39: Hyderabad-Somajiguda | C39: Hyderabad-Somajiguda | D39: Hyderabad-Somajiguda | E39: 1st Floor, House No.6-3-1090/B/4, Survey No.31/1, The Grand, Raj Bhavan Road, Somajiguda, Somajiguda, Hyderabad – 500082- (Telangana) | Q39: Jalandhar | R39: Jalandhar | T39: Bhiwadi | U39: Bhiwadi
A40: BPL | B40: Bhopal | C40: Bhopal | D40: Bhopal | E40: FIRST FLOOR, CP SQUARE, 2 MALVIYA NAGAR, OPP OLD VIDHAN SABHA, BHOPAL, MADHYA PRADESH – 462003 | Q40: Kolkata | R40: Kolkata_Anandpur | T40: Meerut | U40: Meerut
A41: GZB | B41: Ghaziabad | C41: Ghaziabad | D41: Ghaziabad | E41: LOWER GROUND FLOOR, MAHALUXMI TRADE TOWER, PLOT NO. C-1, VAISHALI, GHAZIABAD, UTTAR PRADESH - 201010. | Q41: Gurgaon (Head office) | R41: Gurgaon (Head office) | T41: Bareilly | U41: Bareilly
A42: KOC | B42: Cochin | C42: Cochin | D42: Cochin | E42: First Floor, M/S BUSINESS COMMUNICATION CENTER, CHIRAMEL CHAMBER, KURISUPALLY ROAD, RAVIPURAM, KOCHI, KERALA - 682015 | Q42: Vadodara | R42: Vadodara | T42: Ranchi | U42: Ranchi
A43: CHN | B43: Chennai-Nungambakkam | C43: Chennai-Nungambakkam | D43: Chennai Nungambakkam | E43: Second Floor, Rashmi Towers, 1 , Valluvarkottam High Road, Nungambakkam (Opp Harrison Hotel), Chennai – 600034. | Q43: Bathinda | R43: Bhatinda | T43: Lucknow | U43: Lucknow_Hazratganj
A44: GUW | B44: Guwahati | C44: Guwahati | D44: Guwahati | E44: FOURTH FLOOR, GANPATI ENCLAVE, G.S. ROAD, ULUBARI, GUWAHATI (DISTRICT : KAMRUP), ASSAM – 781007 | Q44: Gurgaon (Head office) | R44: Gurgaon (Head office) | T44: Lucknow – 2 | U44: Lucknow_Mahanagar
A45: BBR | B45: Bhubneshwar | C45: Bhubaneswar | D45: Bhubneshwar | E45: 2nd Floor, Plot No. N-4/237,BS 136 (Revised), IRC, Nayapalli, New Capital Bhubaneswar – 751015 (Odisha). | Q45: Gurgaon (Head office) | R45: Gurgaon (Head office) | T45: Patna | U45: Patna
... A56: JOD | B56: Jodhpur | C56: Jodhpur | D56: Jodhpur | E56: 303, Third Floor, Commercial Complex, “Modi Arcade”, Plot No. 66 & 67, Chopasani Road, Jodhpur - 342003 | Q56: Gurgaon (Head office) | R56: Gurgaon (Head office) | T56: Guwahati | U56: Guwahati
A57: DKA | B57: Kanpur | C57: Kanpur | D57: Kanpur | E57: Karmin Arcade, Ground Floor, Civil Lines, Kanpur, Uttar Pradesh-208001 | F57: Relocated at this address W.e.f -10-sep-24 | Q57: Kolkata | R57: Kolkata_Anandpur | T57: Siliguri | U57: Siliguri
A58: UDH | B58: Udhampur | C58: Udhampur | D58: Udhampur | E58: 2ND FLOOR, BR CHASS TOWER, KHASRA NO-573/110, NEAR SBI DHAR ROAD, UDHAMPUR-Jammu& Kasmir-182101 | Q58: Gurgaon (Head office) | R58: Gurgaon (Head office) | T58: Dibrugarh | U58: Dibrugarh
A59: SAG | B59: Sagar | C59: Sagar | D59: Sagar | E59: 2nd Floor, Plot No.7/5 (82), Block No.58, 10, Civil Line, The. & Distt. – Sagar (M.P.) - 470002 | Q59: Patiala | R59: Patiala | T59: Silchar | U59: Silchar
A60: KOT | B60: Kota | C60: Kota | D60: Kota | E60: First Floor, Plot no. 10-D, New Colony, Gumanpura, Kota , Rajasthan - 324007 | Q60: Gurdaspur | R60: Gurdaspur | T60: Imphal | U60: Imphal
A61: LKO | B61: Lucknow-Hazratganj | C61: Lucknow-Hazratganj | D61: Lucknow-Hazratganj | E61: 2nd Floor, House No.34/11B situated at KH. No.104, 109, 110 and 111, Shahnazaf Road, Ward No.19, Hazratganj, Lucknow – UP 226001 | Q61: Sriganganagar | R61: Sri Ganganagar | T61: Agartala | U61: Agartala
A62: LK2 | B62: Lucknow-Mahanagar | C62: Lucknow-Faizabad Road | D62: Lucknow-Mahanagar | E62: 1st Floor of the building known as “Trinity Square” built over Freehold Plot No.1, situated at Mahanagar, Faizabad Road, Lucknow - 226016 | Q62: Gurgaon (Head office) | R62: Gurgaon (Head office) | T62: Kolkatta - Kyd Street | U62: Kolkata_KYD Street
A63: SRI | B63: Srinagar | C63: Srinagar | D63: Srinagar | E63: Second Floor of Khewat No. 9, Khasra No. 576 / 161, Khatta Patthi No. 11, Palapora, Sonwar, Srinagar . Jammu & Kashmir -190001 | Q63: Amritsar | R63: Amritsar | T63: Asansol | U63: Asansol
A64: SIL | B64: Siliguri | C64: Siliguri | D64: Siliguri | E64: Second Floor of JEEVAN DEEP Building, Plot No 105/325 & 105/326.Ward No. XLII under Siliguri Municipal Corporation, SEVOKE ROAD SALUGARA SILIGURI, West Bengal - 734008 | Q64: Gurgaon - So | R64: Gurgaon_IFFCO | T64: Dimapur | U64: Dimapur
A65: DIB | B65: Dibrugarh | C65: Dibrugarh | D65: Dibrugarh | E65: Second floor – Block B of Khemani Building, 0B-2K-10 Lessa, Dag No. 887 under P.P. No. 237, New Amolapatty, Mouza, Dibrugarh, Assam – 786001. | Q65: Jalandhar | R65: Jalandhar | T65: Jorhat | U65: Jorhat
A66: DIM | B66: Dimapur | C66: Dimapur | D66: Dimapur | E66: SECOND FLOOR, N.K. COMMERCIALS, GBC/H. NO.1206, ZION HOSPITAL JUNCTION, NH-29, PURANA BAZAR, DIMAPUR, NAGALAND – 797112 | Q66: Lucknow-Hazratganj | R66: Lucknow_Hazratganj | T66: Tezpur | U66: Tezpur
A67: RAI | B67: Raipur | C67: Raipur | D67: Raipur | E67: Pramerica Life insurance Limited,Shop No.-83,84 & 85, 1st Floor, Rajendra Complex,Surana Cloth Market, Opposite-City Center Mall Above Sukh Sagar Restaurant, Devendra Nagar, Pandri,Raipur, Pin Code-492004, Chhattisgarh | Q67: Firozepur | R67: Ferozepur | T67: Gangtok | U67: Gangtok
A68: MU2 | B68: Mumbai-Ghatkoper | C68: Mumbai-Ghatkopar | D68: Mumbai-Ghatkoper | E68: Office No.404, 4th Floor, Building Presidential Plaza, LBS Marg, Ghatkoper (W), Mumbai – 400086 | Q68: Naraina | R68: Delhi_Naraina-MF | T68: Binaguri | U68: Binnaguri
A69: BEL | B69: Belgaum | C69: Belgaum | D69: Belgaum | E69: 3rd Floor,Nasco Ishaanya Building, Above Airtel & Bata Showroom Opp. Tata Gold Plus, Goaves, Khanapur Road, Tilakwadi, Belgaum, Karnataka - 590006. | Q69: Naraina | R69: Delhi_Naraina-MF | T69: Ahmedabad | U69: Ahmedabad
... A101: VIS | B101: Vishakhapatnam | C101: Vishakhapatnam | D101: Vishakhapatnam | E101: 1st Floor, Door No. 48-9-19/4 T.S.No. 653 to 683, New T.S.Nos.678 & 679 Pavan Towers, Plot No. 265 A, Dwaraka Nagar, Visakhapatnam, Andhra Pradesh 530016 . | Q101: Shimla | R101: Shimla | T101: Bikaner | U101: Bikaner
A102: MAN | B102: Mangalore | C102: Mangalore | D102: Mangalore | E102: Upper Ground Floor, Essel Willcon, Bendoorwell Circle, Mangalore – 575002 | F102: Relocated at this address W.e.f -16-June-24 | Q102: Jaipur | R102: Jaipur_Cantt | T102: Indore | U102: Indore
A103: BLS | B103: Bilaspur | C103: Bilaspur-CHG | D103: Bilaspur | E103: 1st Floor measuring 1025 Sq. Ft, Indira Tower Plot No. 26., Main Road, Mouza & Village – Thalapara, Patwari Halka No. 22, Tehsil & District – Bilaspur , Chattisgarh 495001 | Q103: Bathinda | R103: Bhatinda | T103: Jhansi | U103: Jhansi
A104: SLC | B104: Silchar | C104: Silchar | D104: Silchar | E104: Shop No. 668, (568/4 at Hospital Road ) (Admeasuring 1180 Sq. Ft.), 2nd Floor on 3 storied RCC Building, Dag No. 2601/2600 and Mirashdari Jaripa Dag Nos. 518/519, R.S. Patta No.258, Holding No.265, Ward No.10, Mouza – Silchar Town Pt. VIII, P.S. and Sub-Registry – Silchar, Pargana – Barakpar, District – Cachar (Assam) 788001 | Q104: Jaipur | R104: Jaipur_Cantt | T104: Gwalior | U104: Gwalior
A105: JMS | B105: Jamshedpur | C105: Jamshedpur | D105: Jamshedpur | E105: 4th Floor, Dhiren Tower, Holding No. Nil, Sakchi Boulevard Shop Area, Bistupur, Jamshedpur, Jharkhand - 831001. | Q105: Ludhiana | R105: Ludhiana | T105: Suratgarh | U105: Suratgarh
A106: BIN | B106: Binaguri | C106: Binaguri | D106: Binaguri | E106: 1st Floor, 40 G, Dhanirampur –I Gram Panchayat, Jogijhora Barabak, Ethelbari Check post, Alipurduar, Binaguri -735204 (West Bengal) | Q106: Patiala | R106: Patiala | T106: Jodhpur | U106: Jodhpur
A107: MAD | B107: Madurai | C107: Madurai | D107: Madurai | E107: 2nd Floor, Door No.48-A, New Millennium Complex, Patta No.4, Re-Survey No.25/8B, By-Pass Road, Arappalayam Village, Madurai South Taluk, Arasaradi Sub-D, Madurai South RD, Madurai – 625016 (Tamil Nadu) | Q107: Kanpur | R107: Kanpur | T107: Jaipur | U107: Jaipur
A108: SRN | B108: Sriganganagar | C108: Karur | D108: Sriganganagar | E108: 1st Floor, KVR Complex Building , situated at 80 Feet Road, S.F. No.554, 555 & 556, T.S. No.205/6, Ward No.3, Village – Samuthiram, Taluk – Lakshminarayana, District – Karur, TN - 639002 | F108: Branch closed wef 15.08.2024, employees being remapped to Sriganganagar location | Q108: Jalandhar | R108: Jalandhar | T108: Udaipur | U108: Udaipur
A109: ANA | B109: Anand | C109: Anand | D109: Anand | E109: 2nd Floor, White Rock Complex, Final Plot No.375 measuring 539 sq. mtrs., Survey No.812/2, T.P. Scheme No.7, Opp. Nandbhumi, V.V.N. Road, Village & Taluka – Anand, District – Anand (Gujarat) - 388001 | Q109: Meerut | R109: Meerut | T109: Bikaner | U109: Bikaner
A110: LKO | B110: Lucknow-Hazratganj | C110: Thrissur | D110: Lucknow-Hazratganj | E110: 3rd Floor, Prasad Arcade, Serial No. 1, SY. No.1610/3, Old SY. No. 1610, Old S.C. No. 3P, R. No. 4.66, Patturaikkal, Taluk & Distt. Thrissur – 680020 | F110: Branch closed wef 15.08.2024, employees being remapped to Lucknow-Hazratganj location | Q110: Gurgaon (Head office) | R110: Gurgaon (Head office) | T110: Bhubaneswar | U110: Bhubaneswar
A111: KOC | B111: Cochin | C111: Calicut | D111: Cochin | E111: 3rd Floor measuring 1075 sq. ft., Shop-cum-Office C.M. Mathew Tower, C.M. Mathew Brothers, SY. No – 43-5 B & 60 – 3B, Re. SY No. 664 /2/ Plot No:664/2, Ram Mohan Road, Ward No.17, Village – Kasaba, Desom – Kariakkunnu, Taluk – Kozhikode, District - Kozhikode – 673004 (Kerala) | F111: Branch closed wef 15.08.2024, employees being remapped to Cochin location | Q111: Gurgaon (Head office) | R111: Gurgaon (Head office) | T111: Vijayawada | U111: Vijaywada
A112: ASN | B112: Asansol | C112: Asansol | D112: Asansol | E112: Unit No. CP-302, 3rd Floor, Chatterjee Plaza on Land bearing C.S. Plot Nos. 9382, 9382/9855 under C.S. Khatian No. 2142 & 2143 appertaining to R.S. Plot No. 20310, 20311, 20317, 20318, 20320 under R.S. Khatian No.4029, Holding No. 69 (101), J.L. No.20, Ward No. 17, Mouza Asansol Municipality, P.S. Asansol South, Rambandhu Tala, Asansol, District Burdwan – 713303 (West Bengal) | Q112: Gurgaon (Head office) | R112: Gurgaon (Head office) | T112: Vishakhapatnam | U112: Vishakhapatnam
A113: PTH | B113: Pithoragarh | C113: Pithoragarh | D113: Pithoragarh | E113: Ground Floor, Khasra No- 77, Bsrah No-1254, APS Chorhahaa, Cannt Road, BIN, Pithoragrah – Uttarakhand-262501 | Q113: Gurgaon (Head office) | R113: Gurgaon (Head office) | T113: Raipur | U113: Raipur
A114: DWK | B114: Delhi-Dwarka | C114: Dwarka | D114: Delhi-Dwarka | E114: Unit bearing No. 201, 2nd Floor measuring 724.60 sq.ft., Aggarwal Plaza, a part of built on Plot No.6, MLU, Sector – 12, Dwarka, New Delhi - 110075 | Q114: Bhopal | R114: Bhopal | T114: Hyderabad | U114: Hyderabad
A115: HY2 | B115: Hyderabad-Gachibowli | C115: Hyderabad-Gachibowli | D115: Hyderabad 2 | E115: Second Floor admeasuring 2840 Sq. Ft., Door No. 1-68/24 & 25/2, Plot No. 24 and 25, Survey No. 6/1, 10 and 17 along with undivided share of 66 Sq. Yrds. out of total property admeasuring 400 Sq. Yrds. situated at Gachibowli, Serilingampally Mandal and Municipality,Hyderabad - 500032 | Q115: Bathinda | R115: Bhatinda | T115: Secunderabad | U115: Secunderabad
A116: VAS | B116: Vashi | C116: Mumbai-Vashi_Branch | D116: Vashi | E116: Office No. 128 admeasuring 760 sq.ft., First Floor of the building Vardhaman Market, constructed/standing on Plot No.75, Sector – 17, Vashi, D.B.C, Navi Mumbai, Tal. & Dist. Thane Sub-District - 400703 | Q116: Jalandhar | R116: Jalandhar | T116: Bilaspur | U116: Bilaspur
A117: SRN | B117: Sriganganagar | C117: Sriganganagar | D117: Sriganganagar | E117: Second Floor, Yogi International Consultancy,House No.91, G Block, Behind Bhatia Petrol Pump,Radhe Shyam Kothi Road, Sringanagar, Rajasthan – 335001 SringanagarRajasthan335001 | Q117: Gurgaon (Head office) | R117: Gurgaon (Head office) | T117: Warangal | U117: Warangal
A118: WGL | B118: Warangal | C118: Warangal | D118: Warangal | E118: 1st Floor, Kandi Complex, Corporation Nos. 1-8-524/1 and 1-8-524/2 (Old 1-8-525, 1/702/1-B), Ward – 1, Block – 8 situated at Nakkalagutta Area, abutting the New Bus Depot Road, Nakkalagutta Area, Hanamkonda, Warangal - 506001 | Q118: Ahmedabad | R118: Ahmedabad | T118: Belgaum | U118: Belgaum
A119: VLR | B119: Vellore | C119: Vellore | D119: Vellore | E119: 1st Floor situated in S.No.147/1B41, D. No: 104, Commercial Complex, Arni Road, Sankaranpalayam, Vellore - 632001 | Q119: Jaipur | R119: Jaipur | T119: Bangalore - Indira Nagar | U119: Bangalore_Indiranagar
A120: SUG | B120: Suratgarh | C120: Suratgarh | D120: Suratgarh | E120: CHAK 1 KSR, SUN CITY BUILDING, BASEMENT , OPP. MALHOTRA GATE. SHEOPURA KASSIE., SURATGARH 335804. | Q120: Patiala | R120: Patiala | T120: Goa | U120: Goa
A121: BLR | B121: Bangalore-Jayanagar | C121: Mysore | D121: Bangalore-Jayanagar | E121: 2nd Floor, No.2767/B, New No. 83/B, Kantharaj Urs Road, Opposite Saraswathi Theater, Chamaraja Mohalla, Mysore – 570009 | F121: Branch closed wef 15.08.2024, employees being remapped to Bangalore-Jayanagar location | Q121: Gurgaon (Head office) | R121: Gurgaon (Head office) | T121: Trivandrum | U121: Trivandrum
A122: JUH | B122: Junagadh | C122: Junagadh | D122: Junagadh | E122: 3rd Floor, Platinum – II, Shri Girnar Society, Plot No.7, R.S. No.290/1, Motibag Road, Junagadh | Q122: Meerut | R122: Meerut | T122: Coimbatore | U122: Coimbatore
A123: BHJ | B123: Bhuj | C123: Bhuj | D123: Bhuj | E123: 1st Floor, M B Bhagat Complex on C S No 3333/b part & 3338, C S Ward No 3, Opposite Dena Bank, Hospital Road, Lal Tekri, Bhuj, Kutch - 370001 | Q123: Gurgaon (Head office) | R123: Gurgaon (Head office) | T123: Kozikode | U123: Kozhikode
A124: VAI | B124: Vapi | C124: Vapi | D124: Vapi | E124: Office No. G – 04, Ground, Floor Status Commercial Plot No. CM-8/8, Vapi Industrial Estate, GIDC - Vapi, District: Valsad , Gujarat- 396195 | Q124: Gurgaon (Head office) | R124: Gurgaon (Head office) | T124: Salem | U124: Salem
A125: NHK | B125: Nashik | C125: Aurangabad | D125: Aurangabad | E125: 1st floor, Kandi Towers, Jalna Road, Near Mondha Naka, Rokada Hanuman Colony, Aurangabad, Maharashtra - 431001 | F125: Branch closed wef 15.08.2024, employees being remapped to Nashik location | Q125: Mathura | R125: Mathura | T125: Karur | U125: Karur
A126: BAE | B126: Bangalore-Rajajinagar | C126: Bangalore-RajajiNagar | D126: Bangalore-Rajajinagar | E126: 2nd Floor, B.D.A No.257, then numbered as 257/18, 10th Cross, 1st N Block, Rajajinagar, Corporation Ward No.14, Vide PID No.14-15-18, Bangalore - 560010 | Q126: Guwahati | R126: Guwahati | T126: Pondicherry | U126: Puducherry
A127: MU3 | B127: Mumbai-Borivali | C127: Mumbai-Borivali | D127: Mumbai-Borivali | E127: Office No.701, 7th Floor, ‘GANJAWALA RESIDENCY’, Ganjawala Lane, Plot bearing Survey No.91, Hissa No.3A, C.T.S No.548, 548/1 to 548/16 of Village Borivli, Taluka Borivli, Mumbai Suburaban, Borivali (West), Mumbai. - 400092 | Q127: Hyderabad-Somajiguda | R127: Hyderabad | T127: Triruchirappalli | U127: Tiruchirappalli
A128: UDR | B128: Udaipur Cantt | C128: Udaipur | D128: Udaipur Cantt | E128: Ground Floor, SHOP NO-12,BAJARIA REGIMENTAL SHOPSEKLING GARH MILITRY AREA UDAIPURSHASTRI CIRCLE GIRWA -Udaipur Rajasthan-313001 | Q128: Jodhpur | R128: Jodhpur | T128: Hubli | U128: Hubli
A129: VAR | B129: Varanasi | C129: Varanasi | D129: Varanasi | E129: Second Floor, Door No. S-2/639-18, Plot No. 989/3, Hasmi Complex, Near J P Mehta College, Club Road, Vill./Moza Sikraul, Pargana Shivpur, Varanasi (U.P) - 221003 | Q129: Bareilly | R129: Bareilly | T129: Mysore | U129: Mysore
A130: NAR | B130: Delhi-Naraina | C130: Naraina | D130: Delhi-Naraina | E130: First Floor of C-190, Naraina Industrial Area Phase – I, New Delhi - 110028 | Q130: Burdwan | R130: Kolkata_Anandpur | T130: Bangalore - Jaya Nagar | U130: Bangalore_Jayanagar
A131: DE6 | B131: Delhi-6 | C131: Naraina | D131: Delhi - Naraina | E131: Mezanine Floor, Northren Side of C-190, Naraina Industrial Area Phase – I, New Delhi - 110028 | Q131: Chandigarh | R131: Chandigarh | T131: Chennai Nungambakkam | U131: Chennai
A132: CH2 | B132: Chennai-Velachery | C132: Chennai-Velachery | D132: Chennai Velacherry | E132: First Floor, Victoria Towers, Plot No.5-A, Old Door No.5A and New No.11, Comprised in R.S.No.44/1, T.S.No.8/4, Block No.71, Velachery Village, Nagendra Nagar, Velachery, Chennai - 600042 | Q132: Jammu | R132: Jammu | T132: Mangalore | U132: Mangalore
A133: CH3 | B133: Chennai-Annanagar | C133: Chennai-Annanagar | D133: Chennai-Annanagar | E133: Second Floor, House No. C – 26, Door No. 181 (7), 2nd Avenue, AD Block, Survey No. 80 part & 81 part,Tamil Nadu Housing Board, Vill.- Naduvakkarai, Anna Nagar, Chennai - 600040 | Q133: Jaipur | R133: Jaipur_Cantt | T133: Cochin | U133: Cochin
A134: MND | B134: Mandi | C134: Mandi | D134: Mandi | E134: 1st Floor, Plot No- 1289, Admeasuring – 85-64 Sq. Mtr., Khatoni No. 10 MIN./22 MIN., Khasra No-566/250/1, Muhal Seri, Bhagwan Mandi, Tehsil – Sadar, Mandi (Himachal Pradesh)- 175001 | Q134: Jodhpur | R134: Jodhpur | T134: Thrissur | U134: Thrissur
A135: JAL | B135: Jaisalmer-2 | C135: Jaisalmer | D135: Jaisalmer | E135: Pramerica Life Insurance limited, First Floor, Plot No. 1, Opposite Dev Chandeshwar Mandir, Shiv Road, Jaisalmer, Pin Code - 345001, Rajasthan | Q135: Patiala | R135: Patiala | T135: Madurai | U135: Madurai
A136: KO2 | B136: Kolkatta-Kyd Street | C136: Ranaghat | Q136: Meerut | R136: Meerut | T136: Vellore | U136: Vellore
A137: KO2 | B137: Kolkatta-Kyd Street | C137: Burdwan | Q137: Bareilly | R137: Bareilly | T137: Bangalore - Rajaji Nagar | U137: Bangalore_Rajajinagar
A138: KO2 | B138: Kolkatta-Kyd Street | C138: Barasat | Q138: Barasat | R138: Kolkata_Anandpur | T138: Chennai Velacherry | U138: Chennai_Velachery
A139: GUW | B139: Guwahati | C139: Barpeta | Q139: Gurgaon (Head office) | R139: Gurgaon (Head office) | T139: Chennai Anna Nagar | U139: Chennai_Anna Nagar
A140: BBR | B140: Bhubneshwar | C140: Paradip | Q140: Hyderabad | R140: Hyderabad | T140: GURGAON - FOURTH FLOOR
A141: GUW | B141: Guwahati | C141: Bongaigaon | Q141: Gurgaon (Head office) | R141: Gurgaon (Head office) | T141: GURGAON - 2ND FLOOR
A142: VAS | B142: Vashi | C142: Mumbai-Vashi | Q142: Agra | R142: Agra | T142: GURGAON - GROUND FLOOR
A143: KO2 | B143: Kolkatta-Kyd Street | C143: Mecheda | Q143: Agra | R143: Agra | T143: Mumbai-Ghatkopar | U143: Mumbai_Chembur
A144: VIJ | B144: Vijaywada | C144: Rajamundhry | Q144: Meerut | R144: Meerut | T144: Chennai-Velachery | U144: Chennai_Velachery
A145: MRT | B145: Meerut | C145: Moradabad | Q145: Hyderabad | R145: Hyderabad
A146: SHL | B146: Shimla | C146: Sirmaur | Q146: Bhopal | R146: Bhopal
A147: VAS | B147: Vashi | C147: Vashi | D147: Mumbai-Vashi | Q147: Barpeta | R147: Guwahati
A148: BLR | B148: Bangalore-Jayanagar | C148: Bangalore | D148: Bangalore - Jaya Nagar | Q148: Jammu | R148: Jammu
A149: KO2 | B149: Kolkatta-Kyd Street | C149: Kolkata-KYD Street | D149: Kolkatta-Kyd Street | Q149: Kolkata | R149: Kolkata_Anandpur
A150: AHD | B150: Ahemadabad | C150: Mehsana | Q150: Bhopal | R150: Bhopal
A151: AJM | B151: Ajmer - Kutchery Road | C151: Ajmer - Kutchery Road | D151: Ajmer - Kutchery Road | E151: 1st Floor, Ahuja Building, House No. 91, A.M.C No. 17/517, Kutchery Road, Ajmer – 305001 | Q151: Lucknow | R151: Lucknow_Hazratganj
A152: GAY | B152: Gaya | C152: Gaya | D152: Gaya | E152: 1ST FLOOR, PLOT NO. 13335, BARGAON KOTHI, VICTOR XRAY LANE, NEAR HOTEL CITY SURYA, LALKOTHI COMPOUND, KASHINATH MORE, GAYA 823001 | Q152: Meerut | R152: Meerut
A153: MFZ | B153: Muzaffarpur | C153: Muzaffarpur | D153: Muzaffarpur | E153: Pramerica Life Insurance limited, SABITA COMPLEX, 1ST FLOOR, CLUB ROAD, MITHANPURA, OPP M.D.D.M COLLEGE, P.O RAMNA, P.S. MITHANPURA, DISTT. MUZAFFARPUR, BIHAR, PIN 842002 | F153: Opened WEF-05.09.24 | Q153: Chandigarh | R153: Chandigarh
A154: KLU | B154: Kullu | C154: Kullu | D154: Kullu | E154: GF, NEAR CENTRAL BANK OF INDIA, MAINROAD, DHAIPUR DISTT, KULLU, HP 175101 | Q154: Ahmedabad | R154: Ahmedabad
A155: SRI | B155: Srinagar | C155: Kupwara | D155: Srinagar | Q155: Jabalpur | R155: Jabalpur
A156: CHP | B156: Chapra | C156: Chapra | D156: Chapra | E156: 1st floor, Hem Nagar Colony, Khata No. 498, Survey No. 1772, Touzi No. 884 & 948, Thana Mufasil (Chapra) Bihar 841301 | Q156: Gurgaon (Head office) | R156: Gurgaon (Head office)
A157: CUK | B157: S.R.C. Cuttack | C157: Cuttack | D157: S.R.C. Cuttack | E157: 2nd Floor, Badambadi, Hal Mouza – Cuttack Sahar, Thana – Badambadi No. 4, Tehasil – Cuttack, Distt S.R.C. Cuttack– 753012 | Q157: Jalandhar | R157: Jalandhar
A158: DHN | B158: Dhanbad | C158: Dhanbad | D158: Dhanbad | E158: OFFICE NO. 505, 2ND FLOOR, CITY CENTER, PLOT NO. 249, P.S.DHANBAD, CHAWKI SADAR, DHANBAD (JHARKHAND) | Q158: Agra | R158: Agra
A159: DIM | B159: Dimapur | C159: Kohima | D159: Dimapur | Q159: Jammu | R159: Jammu
...

Sheet Branch List-Facility
A1: S.No. | B1: STATE | C1: LOCATION | D1: OFFICE CODE | E1: AREA | F1: OFF PIN CODE | G1: BRANCH ADDRESS | H1: Remarks
A2: 1 | B2: ANDHRA PRADESH | C2: VIJAYWADA | D2: VIJ | E2: 600 | F2: 520010 | G2: Pramerica Life Insurance Limited, 'D' Part North side of Ground Floor, Naga's Hafeez Plaza, D. No. 40-1-62, 63 & 64, Near Benz Circle, Bundar Road, Vijayawada, Andhra Pradesh - 520010
A3: 2 | B3: ANDHRA PRADESH | C3: VISHAKHAPATNAM | D3: VIS | E3: 1300 | F3: 530016 | G3: Pramerica Life Insurance limited, First Floor, Door No. 48-9-19/4 , Pavan Towers, Plot No. 265 A, Dwaraka Nagar, Visakhapatnam, Pin Code - 530016, Andhra Pradesh
A4: 3 | B4: ASSAM | C4: Guwahati | D4: GUW | E4: 2185 | F4: 781007 | G4: Pramerica Life Insurance limited, Fourth Floor, Ganpati Enclave, G.S Road, Ulubari, Guwahati, Pin Code – 781007, Assam
A5: 4 | B5: ASSAM | C5: Dibrugarh | D5: DIB | E5: 1000 | F5: 786001 | G5: Pramerica Life Insurance limited, Second Floor, Block-B, Khemani Building, New Amolapatty, Mouza, Dibrugarh, Pin Code – 786001, Assam
A6: 5 | B6: ASSAM | C6: Tezpur | D6: TEZ | E6: 1000 | F6: 784001 | G6: Pramerica Life Insurance limited, Rajat Saikia Complex, First Floor, Besides UCO Bank, Mission Chariali, Tezpur, Pin Code -784001, Assam
A7: 6 | B7: ASSAM | C7: Jorhat | D7: JOR | E7: 1100 | F7: 785004, | G7: Pramerica Life Insurance limited, First Floor, Opposite Navagrah Mandir, Near Rhino Cinema Hall, KB Road, Jorhat, Pin Code - 785004, Assam
A8: 7 | B8: ASSAM | C8: Silchar | D8: SLC | E8: 1180 | F8: 788001 | G8: Pramerica Life Insurance limited, Second Floor, Shop No. 568/4, Anand Arcade, Ward No. 10, Hospital Road, Silchar, Pin Code - 788001, Assam
A9: 8 | B9: BIHAR | C9: Patna New | D9: PTA | E9: 1100 | F9: 800001 | G9: Pramerica Life Insurance limited, GRAND PLAZZA ”Plot No. 94, 3rd Floor, Flat no. 3001, Tauzi No. 460, Circle No.6, Ward No. 18/28, Zone – 5, Mauza – Moharrampur, Mohalla Fraser Road, P.S. – Kotwali, , Patna – 800001
A10: 9 | B10: CHANDIGARH | C10: Chandigarh | D10: CHD | E10: 4600 | F10: 160022 | G10: Pramerica Life Insurance limited, First & Second Floor, SCO No. 2941 & 42, Sector 22 C, Pin Code -160022, Chandigarh
A11: 10 | B11: CHATTISGARH | C11: Raipur | D11: RAI | E11: 1500 | F11: 492004 | G11: Pramerica Life Insurance limited, First Floor, Rajendra Complex, Plot No. 83, 84 & 85, Main Road, Pandri, Devendra Nagar, Raipur, Pin Code-492004, Chhattisgarh
A12: 11 | B12: CHATTISGARH | C12: Bilaspur | D12: BLS | E12: 876 | F12: 495001 | G12: Pramerica Life Insurance limited, First Floor, Plot No. 26, Indira Tower, Main Road, Bilaspur, Pin Code - 495001, Chattisgarh
A13: 12 | B13: NEW DELHI | C13: DELHI- CP | D13: AFN | E13: 850 | F13: 110001 | G13: Pramerica Life Insurance limited, Third Floor, Arunachal Building, Office No. 303 & 303A, 19 Barakhamba Road, Pin Code – 110001, New Delhi
A14: 13 | B14: NEW DELHI | C14: DELHI - MODEL TOWN | D14: MDT | E14: 750 | F14: 110009 | G14: Pramerica Life Insurance limited, First Floor, Block- B, Plot No.9, Gujranwala Town, Part-I, Near Model Town Metro Station, Pin Code - 110009, New Delhi
A15: 14 | B15: NEW DELHI | C15: DELHI - DWARKA | D15: DWK | E15: 1000 | F15: 110078 | G15: S-3-4-5 , 2ND FLOOR , PLOT 5 , PKT 5 , PANKAJ CENTRAL PLAZA , SECTOR 12 , DWARKA , DELHI 110078
A16: 15 | B16: NEW DELHI | C16: DELHI- NARAINA | D16: NAR | E16: 1400 | F16: 110028 | G16: Pramerica Life Insurance limited, C-190, First Floor, Naraina Industrial Area Phase – I, Pin Code - 110028, New Delhi
A17: 16 | B17: GOA | C17: Goa | D17: GOA | E17: 815.68 | F17: 403001 | G17: Pramerica Life Insurance limited, 4th Floor, Gera Imperium II, Office No 402, Patto Plaza, Panaji, Goa, India Pin : 403001
A18: 17 | B18: GUJARAT | C18: Ahmedabad | D18: AHD | E18: 1652 | F18: 380009 | G18: Pramerica Life Insurance limited, 402, Fourth Floor, ABC III, Opp. Regenta Hotel, Navrangpura, Off CG Road, Ahmedabad, Pin Code - 380009, Gujarat
A19: 18 | B19: GUJARAT | C19: Vadodara | D19: VDR | E19: 955 | F19: 390007 | G19: Pramerica Life Insurance limited, C-275, Second Floor, Emeralad One Complex, Beside Gujarat Super Speciality Hospital, Jetalpur Road, Vadodara, Pin Code- 390007, Gujarat
... A24: 23 | B24: GUJARAT | C24: Bhuj | D24: BHJ | E24: 750 | F24: 370001 | G24: Pramerica Life Insurance limited, First Floor, MB Bhagat Complex, Opposite Dena Bank, Hospital Road, Lal Tekri, Bhuj, Pin Code - 370001, Gujarat
A25: 24 | B25: HARYANA | C25: Ambala | D25: AMB | E25: 1316 | G25: Pramerica Life Insurance limited, 1st Floor, Plot No. 48, Khasra No. 17/21, Sector ‘A’, Defense Colony, Tehsil – Ambala Cantonment, District – Ambala, Haryana, India | H25: Shift Wef-31.03.26
A26: 25 | B26: HARYANA | C26: Hissar | D26: HSR | E26: 1100 | F26: 125005 | G26: Pramerica Life Insurance limited, Second Floor, SCO No. 90, PLA Shopping Complex, Near Town Park DHS Road, Urban Estate, Hissar, Pin Code – 125005, Haryana
A27: 26 | B27: HARYANA | C27: Gurgaon Sec-29 | D27: GGN | E27: 1000 | F27: 122001 | G27: Pramerica Life Insurance limited, Second Floor, SCO No. 386, Sector -29, IFFCO Chowk, Gurgaon, Pin Code - 122001, Haryana
A28: 27 | B28: HARYANA | C28: Sohna Road New HO | D28: HO | E28: 73368 | F28: 122018 | G28: Pramerica Pramerica Life Insurance Limited, 7th & 8th Floor, Capital Business Park, Tower 2, Sector 48, Sohna Road, Gurgaon 122 018
A29: 28 | B29: HIMACHAL PRADESH | C29: Dharamshala | D29: DSA | E29: 950 | F29: 176215 | G29: Pramerica Life Insurance limited, Ground Floor, Butail Complex, College Road, Near KCC Bank HQ., Dharamshala, Pin Code – 176215, Himachal Pradesh
A30: 29 | B30: HIMACHAL PRADESH | C30: Mandi | D30: MND | E30: 1470 | F30: 175001 | G30: Pramerica Life Insurance limited, First Floor, Plot No. 128/9, Muhal Seri, Bhagwan Mandi, Mandi, Pin Code - 175001, Himachal Pradesh
A31: 30 | B31: HIMACHAL PRADESH | C31: Shimla | D31: SHL | E31: 1500 | F31: 171009 | G31: Pramerica Life Insurance limited, Fourth Floor, Rathore Business Center, Near BCS on National Highway, New Shimla, Pin Code – 171009, Himachal Pradesh
A32: 31 | B32: JAMMU & KASHMIR | C32: Jammu | D32: JAM | E32: 1423 | F32: 180001 | G32: Pramerica Life Insurance limited, Second Floor, Unit No. 208 & 209, North Block, Bahu Plaza, Rail Road Complex, Opposite Gopal Tower, Jammu, Pin Code – 180001, Jammu & Kashmir
A33: 32 | B33: JAMMU & KASHMIR | C33: Udhampur | D33: UDH | E33: 1257 | F33: 182101 | G33: Pramerica Life Insurance limited, Second Floor, BR Chass tower, Near SBI, Dhar Road, Udhampur, Pin Code -182101, Jammu & Kashmir
A34: 33 | B34: JAMMU & KASHMIR | C34: Srinagar | D34: SRI | E34: 2200 | F34: 190008 | G34: Pramerica Life Insurance limited, Ground Floor, Elaf Residency, Khewat No. 114, Khasra No. 1449, Gogjibagh, Narsingh Garh Teh Khas (Wazir Bagh), Srinagar, Pin Code - 190008, Jammu & Kashmir
A35: 34 | B35: LADHAKH | C35: Leh | D35: LEH | E35: 1250 | F35: 194101 | G35: Pramerica Life Insurance limited, Second Floor, Antilope Complex, Above YES bank, Main Market, Leh, Pin Code- 194101, Ladhakh
A36: 35 | B36: JAMMU & KASHMIR | C36: Rajouri | D36: RAJ | E36: 780 | F36: 185131 | G36: Pramerica Life Insurance limited, First Floor, Badri Complex, Opposite Jammu & Kashmir Bank, Near Salani Bridge ,Rajouri, Pin Code-185131, Jammu & Kashmir
A37: 36 | B37: JAMMU & KASHMIR | C37: Akhnoor | D37: AKH | E37: 980 | F37: 181201 | G37: Pramerica Life Insurance limited, 1ST FLOOR, WARD-7, KAHASRA NO. 433/296, KHATA NO. 264, KHEWAT NO. 51, SUNGAL MORE, AKHNOOR, JAMMU. PIN-181201
... A81: 80 | B81: RAJASTHAN | C81: Jodhpur | D81: JOD | E81: 787 | F81: 342003 | G81: Pramerica Life Insurance limited, Office No. 303, Third Floor, Commercial Complex, Modi Arcade, Chopasani Road, Jodhpur, Pin Code - 342003, Rajasthan
A82: 81 | B82: RAJASTHAN | C82: KOTA | D82: KOT | E82: 1000 | F82: 324007, | G82: Pramerica Life Insurance limited, First Floor, Plot No. 10 D, New Colony, Gumanpura, Kota, Pin Code - 324007, Rajasthan
A83: 82 | B83: RAJASTHAN | C83: Sriganganagar | D83: SRN | E83: 750 | F83: 335001 | G83: Pramerica Life Insurance limited, Second Floor, 91, G-Block, Behind Bhatia Petrol Pump, Sriganganagar, Pin Code – 335001, Rajasthan
A84: 83 | B84: RAJASTHAN | C84: Suratgarh | D84: SUG | E84: 1376 | F84: 335804 | G84: Pramerica Life Insurance limited, Chak 1 KSR, Sun City Building, Basement, Opposite Malhotra Gate, Suratgarh Military Station, Suratgarh, Pin Code - 335804, Rajasthan
A85: 84 | B85: SIKKIM | C85: Gangtok | D85: GTK | E85: 570 | F85: 737103 | G85: Pramerica Life Insurance limited, Shop No. 1, Sixth Floor, Rai Niwas, Near Valley Vista Resort, Penlong Block, Gangtok, Pin Code – 737103, Sikkim
A86: 85 | B86: TAMIL NADU | C86: TRICHIRAPALLI | D86: TRI | E86: 1240 | F86: 620018 | G86: Pramerica Life Insurance limited, PLA complex, Second floor, Plot No-11 A ,11th cross road, Thamalavarupayam Village,Thillainagar, Triruchirappalli, Pin Code – 620018, Tamil Nadu
A87: 86 | B87: TAMIL NADU | C87: Salem | D87: SAL | E87: 1135 | F87: 636016 | G87: Pramerica Life Insurance limited, First Floor, Building No. 83/3C, Kandaswarna Shopping Mall, Saradha College Road, Salem, Pin Code -636016, Tamil Nadu
A88: 87 | B88: TAMIL NADU | C88: Vellore | D88: VLR | E88: 800 | F88: 632001 | G88: Pramerica Life Insurance limited, First Floor, Door No. 104, Commercial Complex, Arni Road, Sankaranpalayam, Vellore, Pin Code- 632001, Tamil Nadu
A89: 88 | B89: TAMIL NADU | C89: CHENNAI-2 (VELACHERY) | D89: CH2 | E89: 1360 | F89: 600042 | G89: Pramerica Life Insurance limited, First Floor, Plot No.5A/11, Victoria Towers, Nagendra Nagar, Velachery, Chennai, Pin Code – 600042, TamilNadu
A90: 89 | B90: TAMIL NADU | C90: CHENNAI-ANNANAGAR | D90: CH3 | E90: 1400 | F90: 600040 | G90: Pramerica Life Insurance limited, Second Floor, House C-26, Door No 181(7), 2nd Avenue, AD Block, Near Anna Nagar Tower Metro Station, Anna Nagar, Chennai, Pin Code – 600040, Tamil Nadu
A91: 90 | B91: TELANGANA | C91: HYDERABAD | D91: HYD | E91: 3000 | F91: 500082 | G91: Pramerica Life Insurance limited, First Floor, House No.6-3-1090/B/4, The Grand, Raj Bhavan Road, Somajiguda, Hyderabad, Pin Code - 500082, Telangana
A92: 91 | B92: TELANGANA | C92: SECUNDERABAD | D92: SEC | E92: 640 | F92: 500003 | G92: Pramerica Life Insurance limited, 314/A, Third Floor, Bhuvana Towers, Commercial Complex, Sarojini Devi Road, Secundrabad, Pin Code - 500003, Telangana
A93: 92 | B93: TRIPURA | C93: AGARTALLA | D93: AGT | E93: 1100 | F93: 799002 | G93: Pramerica Life Insurance limited, First Floor (Front Part), Shriram Building, House No. 91257 and 91261, Mauja Agartala Town, Sheet No. 3, Ward No. 16, T.G Road, Kerchoumuhani, Ramnagar, Agartala, Pin Code -799002, Tripura
A94: 93 | B94: UTTAR PRADESH | C94: Agra | D94: AGA | E94: 1600 | F94: 211001 | G94: Pramerica Life Insurance limited, Unit 13 & 14, First Floor, Block No. E-15/8, Prince Tower, Sanjay Place Commercial Centre, Agra, Pin Code - 282002, Uttar Pradesh
... A126: 125 | B126: BIHAR | C126: Chapra | D126: CHP | E126: 1100 | F126: 811301 | G126: Pramerica Life Insurance limited, 2nd Floor, Ganga Gopal Market Complex, Ward No. 15, Circle NO. 13, Holding No. 3 & 4, Municipal Chowk, Chapra, Saran , 811301, Bihar

Sheet HR Location
A1: S.No. | B1: Branch Code | C1: City | D1: Count of Employees | E1: Region_Name | F1: State | G1: HR Location | H1: HR Count | I1: HR Region | K1: HR Location | L1: HR Region | M1: HC | N1: DH Location
A2: 1 | B2: AGA | C2: Agra | D2: =COUNTIF(Employees!$A$2:$A$3467,'HR Location'!$C2) -> 15 | E2: Central | F2: Uttar Pradesh | G2: Agra | H2: 12 | I2: Central | K2: Kolkatta-Kyd Street | L2: East | M2: 1 | N2: Kolkatta-Kyd Street
A3: 2 | B3: AHD | C3: Ahemadabad | D3: =COUNTIF(Employees!$A$2:$A$3467,'HR Location'!$C3) -> 46 | E3: West | F3: Gujarat | G3: Ahmedabad | H3: 43 | I3: West | K3: Guwahati | L3: East | M3: 1 | N3: Guwahati
A4: 3 | B4: AMB | C4: Ambala | D4: =COUNTIF(Employees!$A$2:$A$3467,'HR Location'!$C4) -> 20 | E4: North | F4: Haryana | G4: Ambala | H4: 14 | I4: North | K4: Bhubneshwar | L4: North | M4: 2 | N4: Ambala
A5: 4 | B5: BTH | C5: Bhatinda | D5: =COUNTIF(Employees!$A$2:$A$3467,'HR Location'!$C5) -> 41 | E5: North | F5: Punjab | G5: Bathinda | H5: 41 | I5: North | K5: Srinagar | L5: North | M5: 18 | N5: Srinagar
A6: 5 | B6: FZR | C6: Ferozpur | D6: =COUNTIF(Employees!$A$2:$A$3467,'HR Location'!$C6) -> 17 | E6: North | F6: Punjab | G6: Firozepur | H6: 16 | I6: North | K6: Ambala | L6: East | M6: 1 | N6: Kolkatta-Kyd Street
A7: 6 | B7: AJR | C7: Ajmer-Nasirabad | D7: =COUNTIF(Employees!$A$2:$A$3467,'HR Location'!$C7) -> 16 | E7: Central | F7: Rajasthan | G7: Nasirabad | H7: 14 | I7: Central | K7: Chandigarh | L7: North | M7: 1 | N7: Ambala
A8: 7 | B8: PKT | C8: Pathankot | D8: =COUNTIF(Employees!$A$2:$A$3467,'HR Location'!$C8) -> 40 | E8: North | F8: Punjab | G8: Pathankot | H8: 39 | I8: North | K8: Agra | L8: East | M8: 1 | N8: Bhubneshwar
A9: 8 | B9: ALD | C9: Allahabad | D9: =COUNTIF(Employees!$A$2:$A$3467,'HR Location'!$C9) -> 41 | E9: Central | F9: Uttar Pradesh | G9: Allahabad | H9: 41 | I9: Central | K9: Ahemadabad | L9: East | M9: 1 | N9: Kolkatta-Kyd Street
A10: 9 | B10: GDR | C10: Gurdaspur | D10: =COUNTIF(Employees!$A$2:$A$3467,'HR Location'!$C10) -> 17 | E10: North | F10: Punjab | G10: Gurdaspur | H10: 18 | I10: North | K10: Dehradun | L10: North | M10: 1 | N10: Ambala
A11: 10 | B11: JDR | C11: Jalandhar | D11: =COUNTIF(Employees!$A$2:$A$3467,'HR Location'!$C11) -> 44 | E11: North | F11: Punjab | G11: Jalandhar | H11: 46 | I11: North
A12: 11 | B12: HSR | C12: Hissar | D12: =COUNTIF(Employees!$A$2:$A$3467,'HR Location'!$C12) -> 7 | E12: Central | F12: Haryana | G12: Hissar | H12: 9 | I12: Central
A13: 12 | B13: PAT | C13: Patiala | D13: =COUNTIF(Employees!$A$2:$A$3467,'HR Location'!$C13) -> 19 | E13: North | F13: Punjab | G13: Patiala | H13: 19 | I13: North
A14: 13 | B14: CHD | C14: Chandigarh | D14: =COUNTIF(Employees!$A$2:$A$3467,'HR Location'!$C14) -> 66 | E14: North | F14: Chandigarh | G14: Chandigarh | H14: 63 | I14: North
A15: 14 | B15: VDR | C15: Vadodara | D15: =COUNTIF(Employees!$A$2:$A$3467,'HR Location'!$C15) -> 19 | E15: West | F15: Gujarat | G15: Vadodara | H15: 18 | I15: West
A16: 15 | B16: HO | C16: Gurgaon | D16: =COUNTIF(Employees!$A$2:$A$3467,'HR Location'!$C16) -> 473 | E16: HeadOffice | F16: Haryana | G16: Gurgaon (Head Office) | H16: 480 | I16: HeadOffice
A17: 16 | B17: LUD | C17: Ludhiana | D17: =COUNTIF(Employees!$A$2:$A$3467,'HR Location'!$C17) -> 16 | E17: North | F17: Punjab | G17: Ludhiana | H17: 14 | I17: North
A18: 17 | B18: ASR | C18: Amritsar | D18: =COUNTIF(Employees!$A$2:$A$3467,'HR Location'!$C18) -> 26 | E18: North | F18: Punjab | G18: Amritsar | H18: 25 | I18: North
A19: 18 | B19: ALW | C19: Alwar | D19: =COUNTIF(Employees!$A$2:$A$3467,'HR Location'!$C19) -> 21 | E19: Central | F19: Rajasthan | G19: Alwar | H19: 24 | I19: Central
A20: 19 | B20: SHL | C20: Shimla | D20: =COUNTIF(Employees!$A$2:$A$3467,'HR Location'!$C20) -> 41 | E20: North | F20: Himachal Pradesh | G20: Shimla | H20: 39 | I20: North
A21: 20 | B21: SUR | C21: Surat | D21: =COUNTIF(Employees!$A$2:$A$3467,'HR Location'!$C21) -> 8 | E21: West | F21: Gujarat | G21: Surat | H21: 5 | I21: West
A22: 21 | B22: RJT | C22: Rajkot | D22: =COUNTIF(Employees!$A$2:$A$3467,'HR Location'!$C22) -> 26 | E22: West | F22: Gujarat | G22: Rajkot | H22: 25 | I22: West
... A126: 125 | B126: MFZ | C126: Muzaffarpur | D126: =COUNTIF(Employees!$A$2:$A$3467,'HR Location'!$C126) -> 7 | E126: East | F126: Bihar | G126: Muzaffarpur | H126: 7 | I126: East
